AoeStats
← lukas.reiter177

Arabia

506330586Analyzed
1v1 RM · 18d ago on Sep 13, 2026· 33m 25s· 2 players
Game mode
Random Map
Map size
Tiny (2 player)
Population
200
Speed
Normal
Resources
Standard
Victory
Conquest
Starting age
Dark Age
Ending age
Imperial Age
RankedLock teamsTeams togetherTeam positionsShared explorationLock speedFull tech treeHidden civsTurbo modeCheats
Victory
Defeat
🇦🇹 Mongols · Austria
1179
+15
🇪🇸 Huns · Spain
1159
-15
Erix Rifter
9:44 Feudal Age
9:47 Man-at-Arms
11:14 Loom
17:29 Fletching
18:14 Double-Bit Axe
19:34 Scale Mail Armor
23:19 Horse Collar
26:26 Castle Age
25:37 Forging
25:34 Scale Barding Armor
25:47 Gold Mining
29:26 Husbandry
29:28 Padded Archer Armor
31:45 Wheelbarrow
31:49 Bloodlines
31:50 Squires
lukas.reiter177
5:54 Loom
8:42 Feudal Age
10:38 Double-Bit Axe
12:11 Horse Collar
18:15 Forging
18:11 Scale Barding Armor
19:07 Bloodlines
26:00 Wheelbarrow
28:46 Castle Age
28:50 Light Cavalry
29:48 Husbandry
30:15 Stone Mining
30:15 Gold Mining
31:12 Iron Casting
34:11 Hand Cart
Connection lost

Rejoining the realm…

Still unreachable

The connection could not be restored.

Session expired

The server has moved on; the page needs a fresh start.